 Dungeon Crawl Stone Soup version 0.13-a0-2350-g4422b0a (webtiles) character file.

2101 Archteshnor the Martial Artist (level 9, -4/64 HPs)
             Began as a Human Monk on July 8, 2013.
             Slain by a goliath beetle (24 damage)
             ... on Level 7 of the Dungeon on July 11, 2013.
             The game lasted 01:15:49 (7624 turns).

Archteshnor the Martial Artist (Human Monk)         Turns: 7624, Time: 01:15:49

HP  -4/64        AC  3     Str 13      XL: 9   Next: 31%
MP   8/8         EV 17     Int 10      God:
Gold 290         SH  0     Dex 18      Spells:  0 memorised,  8 levels left

Res.Fire  : + . .   See Invis. : +     - Unarmed
Res.Cold  : . . .   Warding    : .   a - +0 robe
Life Prot.: . . .   Conserve   : .   (no shield)
Res.Poison: .       Res.Corr.  : .   (no helmet)
Res.Elec. : .       Clarity    : .   C - +0 cloak
Sust.Abil.: . .     Spirit.Shd : .   (no gloves)
Res.Mut.  : .       Stasis     : .   (no boots)
Res.Rott. : .       Flight     : .   (no amulet)
Saprovore : . . .                    j - ring of see invisible
                                     t - ring of protection from fire

@: slightly resistant to hostile enchantments, fairly stealthy
A: no striking features
a: no special abilities


You were on level 7 of the Dungeon.
You were very hungry.

You visited 1 branch of the dungeon, and saw 7 of its levels.

You collected 290 gold pieces.

Inventory:

Hand weapons
 e - a +2,+2 hand axe of freezing
 z - a +0,+0 sling
 I - a +7,+2 flail of protection
 J - a +0,+0 sling
Missiles
 k - 38 arrows
 y - 38 sling bullets
 A - 67 darts (quivered)
 F - 5 exploding darts
 G - 15 sling bullets of flame
 L - 48 stones
Armour
 a - a +0 robe (worn)
 m - a +2 buckler
 n - a +0 plate armour
 C - a +0 cloak (worn)
Magical devices
 p - a wand of draining (0)
 x - a wand of slowing (9) {unknown}
Comestibles
 b - 9 bread rations
 d - 14 grapes
 r - 2 meat rations
Scrolls
 c - a scroll of enchant weapon I {unknown}
 f - a scroll of teleportation
 i - a scroll of blinking
 l - 5 scrolls of identify
 o - 6 scrolls of remove curse
 w - a scroll of enchant weapon II {unknown}
 H - a scroll of magic mapping
 K - a scroll of amnesia {unknown}
 N - a scroll of fog {unknown}
 O - a scroll of random uselessness {unknown}
Jewellery
 g - an uncursed amulet of stasis
 j - a ring of see invisible (right hand)
 t - a ring of protection from fire (left hand)
Potions
 h - a potion of cure mutation {unknown}
 q - a potion of speed {unknown}
 s - a potion of degeneration {unknown}
 v - a potion of magic {unknown}
 B - a potion of paralysis
 D - a potion of poison {unknown}
 E - 2 potions of agility
 M - a potion of heal wounds {unknown}


   Skills:
 - Level 3.8 Fighting
 * Level 7.1 Dodging
 - Level 2.0 Stealth
 + Level 10.0 Unarmed Combat


You had 8 spell levels left.
You didn't know any spells.

Dungeon Overview and Level Annotations

Branches:
Dungeon (7/27)                Orc (0/4) D:6
 Temple: D:4-7

Altars:
Zin

Shops:
D:6: *

Annotations
D:3 Prince Ribbit
D:5 Grinder
D:6 Menkaure
D:7 onwiheg's ghost, experienced DjFi


Message History

The goliath beetle is lightly wounded.
The goliath beetle bites you.
You hit the goliath beetle.
The goliath beetle is lightly wounded.
You hit the goliath beetle.
The goliath beetle is moderately wounded.
The goliath beetle barely misses you.
You punch the goliath beetle!
The goliath beetle is heavily wounded.
You hit the goliath beetle.
The goliath beetle is heavily wounded.
You hit the goliath beetle.
The goliath beetle is heavily wounded.
The goliath beetle bites you!
You hit the goliath beetle.
The goliath beetle is heavily wounded.
You punch the goliath beetle!
The goliath beetle is almost dead.
The goliath beetle bites you!
You die...

.....<..........######.
...###########..#.... ...#
#..#....# ...# #..#....#
...###########..#....#
................#....#
................#....#
................#....#
................@B...#
#######'##......#....#
.........#......#....#
.........#......######.#
.........#........(((..#
)........#..>....(.....#
.........#................
.........#...............
.........#..######.......


You could see a goliath beetle.

Vanquished Creatures
  A hill giant zombie (D:6)
  A hungry ghost (D:6)
  Edmund (D:6)
  A phantom (D:6)
  4 ogres
  2 sky beasts
  A water moccasin (D:6)
  Blork the orc (D:5)
  2 giant frogs (D:6)
  2 crimson imps
  An orc priest (D:6)
  3 hounds
  An iguana (D:5)
  3 scorpions
  2 jellies (D:5)
  A worker ant (D:5)
  2 ogre skeletons
  2 ogre zombies (D:6)
  11 adders
  3 gnolls (D:2)
  2 giant mites
  A worm (D:6)
  A giant eyeball (D:7)
  5 giant geckos
  An ooze (D:1)
  5 orcs
  A ball python (D:1)
  A bat zombie (D:6)
  13 hobgoblins
  6 jackals (D:5)
  4 kobolds
  10 bats
  5 giant cockroaches
  2 giant newts
  6 goblins
  2 goblin skeletons
  A hobgoblin skeleton (D:6)
  2 hobgoblin zombies (D:6)
  A kobold skeleton (D:6)
  3 orc skeletons (D:6)
  4 orc zombies (D:6)
  7 rats
  A fungus (D:7)
129 creatures vanquished.

Vanquished Creatures (others)
  A giant cockroach (D:3)
  2 hobgoblin zombies (D:6)
  2 kobolds (D:3)
  A rat (D:5)
6 creatures vanquished.

Grand Total: 135 creatures vanquished

Notes
Turn   | Place    | Note
--------------------------------------------------------------
     0 | D:1      | Archteshnor, the Human Monk, began the quest for the Orb.
     0 | D:1      | Reached XP level 1. HP: 16/16 MP: 0/0
    95 | D:1      | Reached XP level 2. HP: 16/22 MP: 1/1
   587 | D:2      | Reached XP level 3. HP: 19/28 MP: 2/2
   588 | D:2      | Upgraded the game from 0.13-a0-2301-g23820b6 to 0.13-a0-2350-g4422b0a
  1042 | D:2      | Reached XP level 4. HP: 19/34 MP: 3/3
  1530 | D:3      | Reached skill level 5 in Unarmed Combat
  1721 | D:2      | Reached XP level 5. HP: 20/40 MP: 4/4
  2604 | D:4      | Noticed Prince Ribbit
  2690 | D:4      | Reached skill level 6 in Unarmed Combat
  3415 | D:5      | Entered Level 5 of the Dungeon
  3426 | D:5      | Reached XP level 6. HP: 43/46 MP: 5/5
  3475 | D:5      | Noticed an ogre
  3492 | D:5      | Killed an ogre
  3492 | D:5      | Reached skill level 7 in Unarmed Combat
  3733 | D:5      | Reached XP level 7. HP: 20/52 MP: 6/6
  3914 | D:5      | Noticed Blork the orc
  3915 | D:5      | Noticed an ogre
  3949 | D:5      | Killed an ogre
  3964 | D:5      | Killed Blork the orc
  3964 | D:5      | Reached skill level 8 in Unarmed Combat
  4373 | D:5      | Noticed a sky beast
  4381 | D:5      | Killed a sky beast
  4453 | D:5      | Noticed Grinder
  4717 | D:5      | Noticed an ogre
  4726 | D:5      | HP: 2/52 [ogre/giant spiked club (24)]
  4730 | D:5      | Killed an ogre
  4730 | D:5      | Reached XP level 8. HP: 8/58 MP: 7/7
  4889 | D:5      | Reached skill level 9 in Unarmed Combat
  5047 | D:6      | Noticed Edmund
  5151 | D:6      | Killed Edmund
  5440 | D:6      | Noticed Menkaure
  5682 | D:6      | Reached skill level 5 in Dodging
  5932 | D:6      | Found Luemmaag's Assorted Antiques.
  5951 | D:6      | Found a staircase to the Orcish Mines.
  6143 | D:6      | Found a glowing silver altar of Zin.
  6374 | D:6      | Reached XP level 9. HP: 35/64 MP: 8/8
  7007 | D:6      | Reached skill level 10 in Unarmed Combat
  7073 | D:6      | Archteshnor: wat do
  7074 | D:6      | brothergg: try to blink
  7074 | D:6      | Archteshnor: you cant blink right now
  7074 | D:6      | brothergg: what rings are you using
  7074 | D:6      | brothergg: unequip the amulet of stasis
  7074 | D:6      | Archteshnor: see invi
  7074 | D:6      | brothergg: and blink
  7074 | D:6      | brothergg: and hope you dont die in the process
  7108 | D:6      | brothergg: nice
  7110 | D:7      | Archteshnor: that amulet
  7110 | D:7      | Archteshnor: duh
  7110 | D:7      | brothergg: yea
  7476 | D:7      | Paralysed by a giant eyeball for 4 turns
  7483 | D:7      | Paralysed by a giant eyeball for 3 turns
  7492 | D:7      | Noticed onwiheg's ghost (experienced DjFi)
  7492 | D:7      | Archteshnor: shit shit
  7545 | D:7      | Archteshnor: why does it say onwiheg's ghost while showing fungus icon
  7624 | D:7      | Slain by a goliath beetle

Action                   |  1- 3 |  4- 6 |  7- 9 || total
-------------------------+-------+-------+-------++-------
Melee: Unarmed           |    13 |       |   201 ||   214
       Hand axe          |    72 |   160 |   117 ||   349
 Fire: Sling             |       |     1 |     7 ||     8
Throw: Dart              |       |    12 |    30 ||    42
Evoke: Wand              |       |       |     6 ||     6
  Use: Potion            |       |     5 |     2 ||     7
       Scroll            |       |    14 |     2 ||    16
 Stab: Sleeping          |     1 |       |     1 ||     2
       Distracted        |       |       |     2 ||     2
